 Dungeon Crawl Stone Soup version 0.32-a0-898-g7811c86cf0 (webtiles) character file.

Game seed: 12031916377385399787

324 DEFE the Chopper (level 6, -4/70 HPs)
             Began as a Coglin Fighter on Apr 4, 2024.
             Slain by a kobold brigand
             ... wielding a +0 club
              (6 damage)
             ... in a sewer.
             The game lasted 00:02:25 (2694 turns).

DEFE the Chopper (Coglin Fighter)                   Turns: 2694, Time: 00:02:25

Health: -4/70      AC: 23    Str: 19    XL:     6   Next: 48%
Magic:  6/6        EV:  2    Int:  7    God:
Gold:   141        SH:  0    Dex: 13    Spells: 5/5 levels left

rFire   . . .        a - +0 war axe {Myungok}
rCold   . . .        q - +0 hand axe {Belessunu}
rNeg    . . .        g - melded +1 ring mail {rC+}
rPois   +            (helmet currently unavailable)
rElec   .            s - melded scarf {repulsion}
rCorr   .            (gloves currently unavailable)
SInv    .            (boots currently unavailable)
Will    .....        (no amulet)
Stlth   +            (no ring)
HPRegen 0.31/turn    (no ring)
MPRegen 0.10/turn    (no gizmo)

%: no passive effects
@: mighty, tree-form, weak-willed, enlightened, revved
A: stationary, stasis, torment immunity, boosted hp, off-hand wielding, slow
wielding, warmup strikes, (no jewellery)
a: Invent Gizmo


You were in a sewer.
You were a tree.
You visited 1 branch of the dungeon, and saw 4 of its levels.
You also visited: Sewer.

You collected 141 gold pieces.

Inventory:

Hand Weapons
 a - a +0 war axe (weapon) {Myungok}
 q - a +0 hand axe (offhand) {Belessunu}
Armour
 b - a +0 scale mail
 c - a +0 buckler
 g - a +1 ring mail of cold resistance (melded)
 l - a +3 leather armour
 s - a scarf of repulsion (melded)
Wands
 u - a wand of flame (3)
Scrolls
 e - a scroll of vulnerability
 f - a scroll of teleportation
 i - a scroll of fog {unknown}
 m - a scroll of brand weapon {unknown}
 n - 2 scrolls of identify {unknown}
 p - 2 scrolls of revelation {unknown}
 r - a scroll of fear {unknown}
Potions
 k - a potion of brilliance {unknown}
 o - a potion of cancellation {unknown}
 t - a potion of ambrosia {unknown}


   Skills:
 - Level 3.0 Fighting
 + Level 6.7 Axes
 - Level 2.6 Armour
 - Level 2.1 Shields


You had 5 spell levels left.
You didn't know any spells.
Your spell library contained the following spells:

 Spells                   Type           Power      Damage    Failure   Level
 Lesser Beckoning         Tloc           0%         N/A       56%         2
 Maxwell's Portable Pile  Tloc           0%         2d(5-13)  80%         3
 Teleport Other           Tloc           0%         N/A       80%         3


Dungeon Overview and Level Annotations

Branches:
Dungeon (4/15)              Sewer (1/1)
 Temple: D:4-7

Altars:


Innate Abilities, Weirdness & Mutations

You are a tree.
Your roots penetrate the ground, keeping you stationary.
You cannot be teleported.
You are immune to unholy pain and torment.
Your maximum health is greatly increased.
Your equipment is partially melded.
You can wield a second weapon in your off-hand.
It takes a long time for you to wield or remove held weapons.
Your first few attacks do less damage.
((You cannot equip rings or amulets.))


Message History

The kobold brigand is almost dead.
You hit the kobold brigand but do no damage.
You barely miss the kobold brigand with your +0 war axe. x2
The kobold brigand hits you with a +0 club.
The kobold brigand hits you with a +0 club!
* * * LOW HITPOINT WARNING * * *
Unknown command.
You feel very mighty all of a sudden. The kobold brigand closely misses you.
The kobold brigand hits you with a +0 club.
* * * LOW HITPOINT WARNING * * *
The kobold hits you with a +0 dagger of speed.
* * * LOW HITPOINT WARNING * * *
Unknown command.
Unknown command.
You barely miss the kobold brigand with your +0 war axe.
The kobold brigand is moderately wounded.
You closely miss the kobold with your +0 war axe.
You barely miss the kobold brigand with your +0 war axe.
You slash the kobold brigand with your +0 hand axe!
You barely miss the kobold brigand with your +0 hand axe.
You closely miss the kobold with your +0 hand axe.
The kobold hits you but does no damage. The kobold brigand misses you.
The kobold brigand hits you with a +0 club.
* * * LOW HITPOINT WARNING * * *
Unknown command.
It was a potion of lignification.
You turn into a tree.
Your scarf of repulsion melds into your body.
Your +1 ring mail of cold resistance melds into your body.
The haze of the repulsion field disappears.
You feel less resistant to cold.
Your roots penetrate the ground.
The kobold hits you but does no damage.
The kobold brigand hits you with a +0 club.
* * * LOW HITPOINT WARNING * * *
The kobold brigand hits you but does no damage.
It was a potion of enlightenment.
Your roots keep you in place.
The kobold hits you but does no damage.
The kobold brigand hits you but does no damage.
The kobold brigand hits you with a +0 club.
You die...

### ##..##
##.~..# #####
#.~≈~.# ~.~~~
#..~..#.~~~~~
#.....#~~≈≈≈~
#...K)K~~≈≈≈≈
#...K♣#
#.#.).# ##.##
##


You could see 2 kobold brigands and a kobold.

Vanquished Creatures
  3 electric eels (D:3)
  A hound (D:3)
  4 adders
  2 gnolls (D:1)
  4 river rats
  2 dart slugs
  A ribbon worm (D:3)
  An orc (D:3)
  9 ball pythons
  3 bats (D:1)
  4 endoplasms
  2 giant cockroaches
  7 goblins
  9 hobgoblins
  10 jackals (D:1)
  7 kobolds
  2 quokkas (D:1)
  3 frilled lizards
  8 rats
82 creatures vanquished.

Notes
Turn   | Place    | Note
-------+----------+-------------------------------------------
     0 | D:1      | DEFE the Coglin Fighter began the quest for the Orb.
     0 | D:1      | Reached XP level 1. HP: 18/18 MP: 1/1
    66 | D:1      | Reached XP level 2. HP: 18/24 MP: 2/2
    71 | D:1      | Reached skill level 3 in Axes
   145 | D:1      | Reached XP level 3. HP: 24/29 MP: 3/3
   333 | D:1      | Reached skill level 4 in Axes
   419 | D:1      | Reached XP level 4. HP: 35/35 MP: 4/4
  1207 | D:2      | Found a faded altar of an unknown god.
  1743 | D:3      | Found a transporter.
  1760 | D:3      | Found a transporter.
  1791 | D:3      | Reached skill level 5 in Axes
  1791 | D:3      | Reached XP level 5. HP: 40/41 MP: 5/5
  2348 | D:3      | Reached skill level 6 in Axes
  2348 | D:3      | Reached XP level 6. HP: 12/47 MP: 6/6
  2620 | D:4      | Found a glowing drain.
  2668 | Sewer    | Entered a sewer
  2692 | Sewer    | HP: 2/47 [kobold brigand/+0 club (4)]
  2694 | Sewer    | Slain by a kobold brigand

Illustrated notes

Levels and vault maps discovered:
D:1:      dpeg_arrival_round_a, layout_loops_ring, minmay_misc_feat_alley
D:2:      layout_loops_ring, hellmonk_ecumenical_altar_arch_garden, minivault_23
D:3:      gammafunk_steamed_eel, layout_basic, minivault_24, grunt_ministairs_3,
          minmay_misc_feat_x
D:4:      layout_loops_ring, portal_sewer_entry_b
Sewer:    sewer_kobolds

Skill      XL: |  1  2  3  4  5 |
---------------+----------------+-----
Axes           | 3 4 5 6 |  6.7
Fighting       | |  3.0
Armour         | |  2.6
Shields        | |  2.1

Action                     |  1- 3 |  4- 6 || total
---------------------------+-------+-------++-------
  Melee: War axe           |    80 |   102 ||   182
         Hand axe          |       |    54 ||    54
  Evoke: Wand              |       |     3 ||     3
    Use: Potion            |       |     3 ||     3
         Scroll            |       |     2 ||     2
 Armour: Scale mail        |    89 |     6 ||    95
         Ring mail         |       |    70 ||    70
         Skin              |       |     6 ||     6
  Dodge: Dodged            |    42 |    51 ||    93
         Repelled          |       |     5 ||     5
  Block: Buckler           |    20 |    13 ||    33

Table legend: (Time is in decaauts)
 A = Elapsed time spent in this place.
 B = Non-inter-level travel time spent in this place.
 C = Inter-level travel time spent in this place.
 D = Time resting spent in this place.
 E = Time spent auto-exploring this place.
 F = Levels seen in this place.
 G = Mean time per level.
                   A        B        C        D        E       F      G
               +--------+--------+--------+--------+--------+-----+--------+
         Total |   2751 |   2590 |    161 |    318 |   1729 |   5 |  550.2 |
       Dungeon |   2724 |   2563 |    161 |    316 |   1729 |   4 |  681.0 |
         Sewer |     26 |     26 |      0 |      2 |      0 |   1 |   26.0 |
               +--------+--------+--------+--------+--------+-----+--------+

Top non-repeatable levels by time:
     D:3: 1055 daAuts
     D:1: 992 daAuts
     D:2: 617 daAuts
     D:4: 58 daAuts
   Sewer: 26 daAuts
